 Dungeon Crawl Stone Soup version 0.18.1-48-g4cf74bf (webtiles) character file.

229 Metae the Ducker (level 5, -7/25 HPs)
             Began as a Spriggan Venom Mage on July 2, 2016.
             Was a Follower of Vehumet.
             Killed by divine providence
             ... invoked by an orc priest
              (16 damage)
             ... on level 4 of the Dungeon.
             The game lasted 00:32:33 (3572 turns).

Metae the Ducker (Spriggan Venom Mage)              Turns: 3572, Time: 00:32:33

Health: -7/25      AC:  0    Str:  4    XL:     5   Next: 71%
Magic:  21/21      EV: 20    Int: 15    God:    Vehumet [*.....]
Gold:   133        SH:  0    Dex: 17    Spells: 3 memorised, 8 levels left

rFire  . . .     SeeInvis +     g - +0 short sword
rCold  . . .     Gourm    .     (armour restricted)
rNeg   . . .     Faith    .     (shield restricted)
rPois  .         Spirit   .     (helmet restricted)
rElec  .         Dismiss  .     (no cloak)
rCorr  .         Reflect  .     (gloves unavailable)
SustAt .         Harm     +     (boots unavailable)
MR     .....                    d - amulet of harm
Stlth  +++.......               i - ring of magical power
                                e - -2 ring of intelligence (curse)

@: very quick, not resistant to hostile enchantments, fairly stealthy
A: unfitting armour, see invisible, herbivore 3, speed 3, slow metabolism 2
a: Renounce Religion


You were on level 4 of the Dungeon.
You worshipped Vehumet.
Vehumet was aware of your devotion.
You were not hungry.

You visited 1 branch of the dungeon, and saw 4 of its levels.

You collected 133 gold pieces.

Inventory:

Hand Weapons
 g - a +0 short sword (weapon)
 n - a +1 dagger of chaos
Armour
 a - a +0 robe
Jewellery
 d - an amulet of harm (around neck)
 e - a cursed -2 ring of intelligence (left hand)
 i - a ring of magical power (right hand)
Scrolls
 h - 2 scrolls of identify
 j - a scroll of fog
 m - a scroll of enchant weapon
Potions
 f - 2 potions of degeneration {unknown}
 k - 2 potions of curing {unknown}
 l - a potion of haste {unknown}
Books
 b - a Young Poisoner's Handbook

   Spells                             Type                      Level
   a - Sting                          Conjuration/Poison           1
   b - Cure Poison                    Poison                       2
   c - Mephitic Cloud                 Conjuration/Poison/Air       3
   d - Olgreb's Toxic Radiance        Poison                       4
   e - Venom Bolt                     Conjuration/Poison           5
Comestibles
 c - 2 bread rations
 p - a royal jelly


   Skills:
 + Level 1.1 Fighting
 + Level 1.0 Short Blades
 * Level 5.0 Dodging
 + Level 4.0 Stealth
 * Level 4.1 Spellcasting
 + Level 1.0 Conjurations
 + Level 1.0 Air Magic
 * Level 4.4 Poison Magic


You had 8 spell levels left.
You knew the following spells:

 Your Spells              Type           Power        Failure   Level  Hunger
a - Sting                 Conj/Pois      ##..         8%          1    None
b - Cure Poison           Pois           ###.......   4%          2    ##.....
c - Shock                 Conj/Air       #...         12%         1    None


Dungeon Overview and Level Annotations

Branches:
Dungeon (4/15)
 Temple: D:4-7

Altars:
Cheibriados
Dithmenos
Elyvilon
Fedhas
Qazlal
Ru
Vehumet
Xom
Yredelemnul


Innate Abilities, Weirdness & Mutations

You are tiny and cannot use many weapons and most armour.
You have supernaturally acute eyesight.
You are a herbivore.
You cover ground extremely quickly.
You need consume almost no food.


Message History

There is a stone staircase leading up here.
As you read the scroll labeled FYEBREYDEUL, it crumbles to dust.
You feel strangely unstable.
It was a scroll of teleportation.
There is a stone staircase leading up here.
Your surroundings suddenly seem different.
An orc comes into view. It is wielding a hand axe.
The orc shouts!
An orc comes into view. It is wielding a club.
The orc shouts!
An orc priest comes into view. It is wielding a hand axe.
The orc priest shouts!
An orc comes into view. It is wielding a dagger.
The orc shouts!
Found a robe and a helmet.
An adder and an orc wizard come into view.
The orc closely misses you.
The orc priest invokes the aid of Beogh against you.
Beogh smites you!
Ouch! That really hurt!
You die...

#########
#.......#
.#.......#######
...............#
.........[.....#
......S.......[#
.......@.ooo...#
...............#
....#......o...#
.................
.............o....
....#######......#
.... ......# ###
...


You could see an orc priest, an orc wizard, an adder and 3 orcs.

Vanquished Creatures
  3 orc priests (D:4)
  An orc wizard (D:4)
  A hound skeleton (D:4)
  3 gnolls (D:2)
  A worm (D:3)
  2 dart slugs (D:2)
  A giant gecko (D:3)
  5 orcs
  2 ball pythons (D:3)
  2 bats
  3 giant cockroaches
  12 goblins
  7 hobgoblins
  2 jackals (D:3)
  A quokka (D:3)
  3 giant newts
  6 kobolds
  6 rats
61 creatures vanquished.

Notes
Turn   | Place    | Note
--------------------------------------------------------------
     0 | D:1      | Metae the Spriggan Venom Mage began the quest for the Orb.
     0 | D:1      | Reached XP level 1. HP: 9/9 MP: 5/5
   428 | D:1      | Reached XP level 2. HP: 7/13 MP: 0/6
   693 | D:1      | Learned a level 2 spell: Cure Poison
   973 | D:2      | Found a basalt altar of Yredelemnul.
  1261 | D:2      | Reached XP level 3. HP: 16/16 MP: 8/8
  1565 | D:2      | Found a snail-covered altar of Cheibriados.
  1565 | D:2      | Found a blossoming altar of Fedhas.
  1567 | D:2      | Found a sacrificial altar of Ru.
  1656 | D:2      | Found a shimmering altar of Xom.
  1657 | D:2      | Found a radiant altar of Vehumet.
  1658 | D:2      | Found a stormy altar of Qazlal.
  1683 | D:2      | Became a worshipper of Vehumet
  1729 | D:2      | Reached skill level 4 in Dodging
  1878 | D:2      | Found a shimmering altar of Xom.
  1991 | D:2      | Found a white marble altar of Elyvilon.
  2240 | D:3      | Reached XP level 4. HP: 21/21 MP: 10/10
  2270 | D:3      | Found a shadowy altar of Dithmenos.
  2321 | D:3      | Reached skill level 1 in Conjurations
  2702 | D:3      | Reached * piety under Vehumet
  2702 | D:3      | Offered knowledge of Shock by Vehumet.
  2715 | D:3      | Learned a level 1 spell: Shock
  2989 | D:4      | Reached skill level 1 in Fighting
  3047 | D:4      | Reached XP level 5. HP: 19/25 MP: 11/11
  3117 | D:4      | Reached skill level 1 in Short Blades
  3175 | D:4      | Reached skill level 5 in Dodging
  3175 | D:4      | Reached skill level 1 in Air Magic
  3572 | D:4      | Killed from afar by an orc priest

Skill      XL: |  1  2  3  4  5 |
---------------+----------------+-----
Spellcasting   | 3 4 |  4.1
Dodging        | 4 5 |  5.0
Conjurations   | 1 |  1.0
Fighting       | 1 |  1.1
Short Blades   | 1 |  1.0
Stealth        | 4 |  4.0
Air Magic      | 1 |  1.0
Poison Magic   | |  4.4

Action                   |  1- 3 |  4- 6 || total
-------------------------+-------+-------++-------
Melee: Short sword       |     3 |     8 ||    11
 Cast: Sting             |    71 |    58 ||   129
       Shock             |       |    13 ||    13
  Use: Scroll            |     5 |     1 ||     6
Armor: Robe              |     2 |       ||     2
Dodge: Dodged            |     9 |    11 ||    20
